 Dungeon Crawl Stone Soup version 0.32-a0-599-gba8f9cf90e (webtiles) character file.

Game seed: 613237138749158131

15 Shayle the Apothecary (level 2, -1/21 HPs)
             Began as a Coglin Alchemist on Mar 2, 2024.
             Killed from afar by a dart slug (3 damage)
             ... with a slug dart
             ... on level 1 of the Dungeon.
             The game lasted 00:01:33 (241 turns).

Shayle the Apothecary (Coglin Alchemist)             Turns: 241, Time: 00:01:34

Health: -1/21      AC:  3    Str:  8    XL:     2   Next: 50%
Magic:  4/4        EV: 11    Int: 14    God:
Gold:   58         SH:  4    Dex: 14    Spells: 3/4 levels left

rFire   . . .        c - +0 mace {Io}
rCold   . . .        e - +0 buckler
rNeg    . . .        a - +0 robe
rPois   .            d - +0 helmet
rElec   .            (no cloak)
rCorr   .            (no gloves)
SInv    .            (no boots)
Will    .....        (amulet unavailable)
Stlth   ++           (ring unavailable)
HPRegen 0.23/turn    (ring unavailable)
MPRegen 0.09/turn    (no gizmo)

%: no passive effects
@: revved
A: off-hand wielding, slow wielding, warmup strikes, no jewellery
a: Invent Gizmo


You were on level 1 of the Dungeon.
You visited 1 branch of the dungeon, and saw 1 of its levels.

You collected 58 gold pieces.

Inventory:

Hand Weapons
 c - a +0 mace (weapon) {Io}
Armour
 a - a +0 robe (worn)
 d - a +0 helmet (worn)
 e - a +0 buckler (worn)
Potions
 b - a potion of magic
 f - a potion of cancellation {unknown}


   Skills:
 + Level 1.1 Fighting
 + Level 2.1 Dodging
 + Level 2.0 Stealth
 - Level 1.7 Spellcasting
 - Level 0.8 Conjurations
 - Level 3.2 Alchemy


You had 3 spell levels left.
You knew the following spells:

 Your Spells              Type           Power      Damage    Failure   Level
a - Sting                 Conj/Alch      28%        1d4       17%         1

Your spell library contained the following spells:

 Spells                   Type           Power      Damage    Failure   Level
 Mercury Vapours          Alch/Air       10%        N/A       30%         2
 Mephitic Cloud           Conj/Alch/Air  5%         N/A       56%         3
 Olgreb's Toxic Radiance  Alch           10%        N/A       71%         4
 Sticky Flame             Fire/Alch      5%         2d4       89%         4


Dungeon Overview and Level Annotations

Branches:
Dungeon (1/15)

Altars:


Innate Abilities, Weirdness & Mutations

You can wield a second weapon in your off-hand.
It takes a long time for you to wield or remove held weapons.
Your first few attacks do less damage.
You cannot equip rings or amulets.


Message History

You hit the quokka.
You kill the quokka!
You sock the rat!
You kill the rat!
The bat barely misses you. The bat closely misses you.
An endoplasm comes into view.
Your Stealth skill increases to level 2!
You barely miss the bat.
The endoplasm quivers.
The bat closely misses you. The bat barely misses you.
The bat barely misses you. The endoplasm hits you.
Things that are here:
a rat corpse; a quokka corpse You barely miss the endoplasm.
The endoplasm freezes you.
You are frozen.
* * * LOW HITPOINT WARNING * * *
The endoplasm freezes you.
You are frozen.
* * * LOW HITPOINT WARNING * * *
You hit the endoplasm but do no damage. The bat hits you but does no damage. x2
You block the endoplasm's attack.
You hit the endoplasm.
The endoplasm is almost dead.
The bat barely misses you. The endoplasm barely misses you.
The endoplasm closely misses you.
You sock the endoplasm!
You kill the endoplasm!
The dart slug launches a dart at you. The slug dart hits you.
* * * LOW HITPOINT WARNING * * *
The endoplasm closely misses you.
You hit the endoplasm.
The endoplasm is lightly wounded.
The bat barely misses you. The bat hits you.
* * * LOW HITPOINT WARNING * * *
The endoplasm misses you. The dart slug launches a dart at you.
The slug dart hits you.
You die...

#........$PP...#.##..
#.#......P...........P
#.#...........##...P~~
. ............b.#
.#~.~. P#
##.##......##).# P ~.~
~# #.......†).).$# .~
≈~ #########.###.# ~.
≈ #.##Jb# ~h~
...####.##@##
#.......#.####
..........w...#
....ß.....ß.#.#
............# ..
........>...# ##
............#
............#
.............


You could see a dart slug, an endoplasm and a bat.

Vanquished Creatures
  An endoplasm (D:1)
  3 goblins (D:1)
  2 hobgoblins (D:1)
  A quokka (D:1)
  2 bats (D:1)
  2 kobolds (D:1)
  4 rats (D:1)
15 creatures vanquished.

Notes
Turn   | Place    | Note
-------+----------+-------------------------------------------
     0 | D:1      | Shayle the Coglin Alchemist began the quest for the Orb.
     0 | D:1      | Reached XP level 1. HP: 13/13 MP: 3/3
   172 | D:1      | Found a faded altar of an unknown god.
   191 | D:1      | Reached XP level 2. HP: 18/20 MP: 4/4
   215 | D:1      | Reached skill level 1 in Fighting
   241 | D:1      | Killed from afar by a dart slug

Illustrated notes

Levels and vault maps discovered:
D:1:      orjb1_lava_funnel, layout_loops_cross, serial_bayou,
          serial_bayou_pond_d, serial_bayou_pond_b, serial_bayou_pond_c,
          serial_bayou_pond_a, dreamdust_ecumenical_altar_grove, st_stairs_1

Skill      XL: |  1  2 |
---------------+-------+-----
Dodging        | 2 |  2.1
Fighting       | 1 |  1.1
Stealth        | 2 |  2.0
Spellcasting   | |  1.7
Conjurations   | |  0.8
Alchemy        | |  3.2

Action                     || total
---------------------------++-------
  Melee: Mace              ||    32
   Cast: Sting             ||     3
 Armour: Robe              ||    31
  Dodge: Dodged            ||    46
  Block: Buckler           ||     9

Table legend: (Time is in decaauts)
 A = Elapsed time spent in this place.
 B = Non-inter-level travel time spent in this place.
 C = Inter-level travel time spent in this place.
 D = Time resting spent in this place.
 E = Time spent auto-exploring this place.
 F = Levels seen in this place.
 G = Mean time per level.
                   A        B        C        D        E       F      G
               +--------+--------+--------+--------+--------+-----+--------+
         Total |    255 |    255 |      0 |     35 |     62 |   1 |  255.0 |
       Dungeon |    255 |    255 |      0 |     35 |     62 |   1 |  255.0 |
               +--------+--------+--------+--------+--------+-----+--------+

Top non-repeatable levels by time:
     D:1: 255 daAuts
